 Dungeon Crawl Stone Soup version 0.29-a0-495-g17b79114eb (webtiles) character file.

Game seed: 10172488690522458231

4244 sammy202020 the Fighter (level 10, -3/153 HPs)
             Began as a Minotaur Fighter on May 28, 2022.
             Was a Follower of Trog.
             Slain by Gastronok (29 damage)
             ... on level 8 of the Dungeon.
             The game lasted 00:12:11 (6041 turns).

sammy202020 the Fighter (Minotaur Fighter)          Turns: 6041, Time: 00:12:12

Health: -3/153     AC: 15    Str: 24    XL:     10   Next: 9%
Magic:  9/9        EV:  9    Int: 15    God:    Trog [*.....]
Gold:   0          SH:  5    Dex: 10    Spells: 9/9 levels left

rFire   . . .      SeeInvis .   a - +1 war axe
rCold   . . .      Faith    .   c - +0 buckler
rNeg    . . .      Spirit   .   v - +0 chain mail
rPois   +          Reflect  .   (helmet restricted)
rElec   .          Harm     .   o - +1 cloak
rCorr   .          Rampage  .   w - +1 pair of gloves {Str+3}
Will    .....                   (no boots)
Stlth   ..........              e - amulet of regeneration
HPRegen 1.15/turn               D - ring of poison resistance
MPRegen 0.11/turn               h - +6 ring of intelligence

@: berserking (expiring), slowed
A: horns 2, retaliatory headbutt, talons 1, mutation resistance 1, robust 1
a: Renounce Religion, Berserk


You were on level 8 of the Dungeon.
You worshipped Trog.
Trog was aware of your devotion.
You visited 2 branches of the dungeon, and saw 9 of its levels.
You also visited: Ossuary.

You collected 454 gold pieces.
You spent 454 gold pieces at shops.

Inventory:

Hand Weapons
 a - a +1 war axe (weapon)
 p - the +5 long sword "Hiamu" {flame, rF+ rCorr}
   (You found it on level 3 of the Dungeon)

   It burns those it strikes, dealing additional fire damage.
   Big, fiery blades are also staple armaments of hydra-hunters.
   rF:        It protects you from fire.
   rCorr:     It protects you from acid and corrosion.
Missiles
 g - 2 javelins (quivered)
Armour
 c - a +0 buckler (worn)
 o - a +1 cloak (worn)
 u - a +0 pair of boots
 v - a +0 chain mail (worn)
 w - a +1 pair of gloves of strength (worn)
Jewellery
 e - an amulet of regeneration (around neck)
 h - a +6 ring of intelligence (right hand)
 n - a ring of fire
 D - a ring of poison resistance (left hand)
Wands
 s - a wand of paralysis (6)
 x - a wand of iceblast (13)
 B - a wand of acid (20)
Scrolls
 j - a scroll of enchant armour
 r - 2 scrolls of teleportation
 t - a scroll of fog
 y - a scroll of magic mapping
 E - 2 scrolls of summoning
Potions
 b - a potion of brilliance
 d - 3 potions of might
 f - 3 potions of heal wounds
 i - 2 potions of berserk rage
 k - 5 potions of curing
 l - 3 potions of attraction
 m - 3 potions of mutation
 q - 2 potions of lignification
 z - 2 potions of flight
 A - 2 potions of cancellation {unknown}
 C - a potion of resistance {unknown}
 F - a potion of haste {unknown}


   Skills:
 * Level 10.1 Fighting
 * Level 9.7 Axes
 + Level 7.6 Armour
 + Level 5.8 Dodging
 + Level 7.5 Shields


You had 9 spell levels left.
You didn't know any spells.
Your spell library contained the following spells:

 Spells                   Type           Power      Damage    Failure   Level
 Magic Dart               Conj           0%         1d3       90%         1
 Call Imp                 Summ           0%         N/A       97%         2
 Sublimation of Blood     Necr           0%         N/A       97%         2
 Wereblood                Tmut           0%         N/A       97%         2
 Mephitic Cloud           Conj/Pois/Air  0%         N/A       99%         3
 Summon Hydra             Summ           0%         N/A       100%        7


Dungeon Overview and Level Annotations

Branches:
Dungeon (8/15)             Temple (1/1) D:6         Ossuary (visited)
   Lair: D:8-11

Altars:
Ashenzari
Cheibriados
Elyvilon
Fedhas
Makhleb
Okawaru
Qazlal
Trog
Uskayaw
Vehumet
Zin
The Shining One

Shops:
D:5 *   D:8 =

Annotations:
D:8 Gastronok


Innate Abilities, Weirdness & Mutations

You have a pair of horns on your head.
You reflexively headbutt those who attack you in melee.
You have sharp toenails.
You are somewhat resistant to further mutation.
You are robust. (+10% HP)


Message History

Things that are here:
a +0 hand axe; a +0 ring mail You see here a +0 mace.
Gastronok the Ponderous comes into view.
Gastronok gurgles horribly!
Gastronok is nearby!
Gastronok looks at you and mumbles some strange words.
You feel yourself slow down.
You hit Gastronok. You headbutt Gastronok.
Gastronok is lightly wounded.
Gastronok bites you!!
You hit Gastronok. You claw Gastronok, but do no damage.
Gastronok is lightly wounded.
Gastronok bites you!!
You are too injured to fight recklessly!
You are too injured to fight recklessly!
You are too injured to fight recklessly!
A red film seems to cover your vision as you go berserk!
You feel yourself moving faster!
You feel mighty!
Gastronok gurgles, "I'll eat you, I will!"
Gastronok bites you.
You slice Gastronok!!
Gastronok is moderately wounded.
You barely miss Gastronok. Your headbutt misses Gastronok.
Gastronok is moderately wounded.
Gastronok bites you!!
* * * LOW HITPOINT WARNING * * *
You slice Gastronok!! You claw Gastronok.
Gastronok is moderately wounded.
You slice Gastronok!! You claw Gastronok!
Gastronok is heavily wounded.
Gastronok waves his eye-stalks in wide circles.
The air twists around and strikes you!
* * * LOW HITPOINT WARNING * * *
You slash Gastronok!
Gastronok is severely wounded.
You hit Gastronok.
Gastronok is severely wounded.
Gastronok bites you!!
You die...

####..## #. .....
#.#### ....### #....#
......# #....# # #...
#....# ##.. #....#
#.. #.. #..w.# #..
#.. #@## #.. #.)
#..## ....# ##..
#.###..###.#.# #...
#.......##.#.#####..#
######..............#
###..........#.#
#............#
#.#.........##
###.)....##.####


You could see Gastronok.

Vanquished Creatures
  Joseph (D:8)
  Grinder (D:5)
  5 yaks (D:8)
  A steam dragon (D:8)
  The ghost of SuisLittleHoshiymin the Slasher, an amateur HuMo (D:3)
  Menkaure (D:5)
  An orc warrior (D:7)
  Duvessa (D:5)
  3 ice beasts
  2 black bears
  A sky beast (D:7)
  A centaur (D:8)
  An ogre (D:6)
  2 phantoms
  3 bullfrogs
  2 kobold brigands (D:5)
  2 necrophages
  A scorpion (D:6)
  Dowan (D:5)
  2 howler monkeys (D:5)
  A centaur zombie (Ossuary)
  2 gnoll shamans
  4 human zombies (Ossuary)
  3 hounds
  A jelly (D:5)
  An orc priest (D:7)
  A water moccasin simulacrum (D:3)
  5 iguanas
  3 orc wizards
  Ijyb (D:5)
  A scorpion simulacrum (D:3)
  4 mummies (Ossuary)
  12 gnolls
  8 adders
  A white imp (D:4)
  A worm (D:4)
  3 dart slugs
  11 orcs
  4 ball pythons
  4 bats (D:1)
  4 endoplasms
  A giant cockroach (D:3)
  4 goblins
  6 hobgoblins
  4 jackals (D:2)
  A quokka (D:5)
  A frilled lizard (D:2)
  A giant cockroach simulacrum (D:3)
  2 gnoll zombies (Ossuary)
  A goblin zombie (Ossuary)
  10 kobolds
  An orc zombie (D:6)
  A quokka simulacrum (D:3)
  3 rats
144 creatures vanquished.

Vanquished Creatures (others)
  An orc (D:8)
1 creature vanquished.

Grand Total: 145 creatures vanquished

Notes
Turn   | Place    | Note
-------+----------+-------------------------------------------
     0 | D:1      | sammy202020 the Minotaur Fighter began the quest for the
                  | Orb.
     0 | D:1      | Reached XP level 1. HP: 19/19 MP: 0/0
    36 | D:1      | Found a faded altar of an unknown god.
   169 | D:1      | Reached XP level 2. HP: 27/27 MP: 1/1
   510 | D:1      | Reached skill level 4 in Fighting
   611 | D:2      | Reached XP level 3. HP: 30/33 MP: 2/2
   687 | D:2      | Found a white marble altar of Elyvilon.
  1240 | D:3      | Noticed a necrophage
  1247 | D:3      | Killed a necrophage
  1248 | D:3      | Reached skill level 1 in Dodging
  1248 | D:3      | Reached XP level 4. HP: 38/41 MP: 3/3
  1259 | D:3      | Found a runed translucent gate.
  1259 | D:3      | Found a runed translucent gate.
  1260 | D:3      | Found a runed translucent gate.
  1296 | D:3      | Noticed SuisLittleHoshiymin's ghost (amateur HuMo)
  1300 | D:3      | Reached XP level 5. HP: 46/47 MP: 4/4
  1305 | D:3      | Killed SuisLittleHoshiymin's ghost
  1306 | D:3      | Reached skill level 5 in Fighting
  1306 | D:3      | Reached XP level 6. HP: 47/56 MP: 5/5
  1385 | D:3      | Identified the +5 long sword "Hiamu" {flame, rF+ rCorr}
  2032 | D:4      | Reached skill level 5 in Axes
  2843 | D:5      | Entered Level 5 of the Dungeon
  2869 | D:5      | Reached skill level 6 in Fighting
  2869 | D:5      | Reached skill level 5 in Armour
  2869 | D:5      | Reached XP level 7. HP: 61/63 MP: 6/6
  2870 | D:5      | Noticed Duvessa
  2871 | D:5      | Reached skill level 5 in Shields
  2899 | D:5      | Killed Duvessa
  2906 | D:5      | Noticed Dowan
  2920 | D:5      | Killed Dowan
  3117 | D:5      | Found an iron altar of Okawaru.
  3161 | D:5      | Noticed Menkaure
  3166 | D:5      | Killed Menkaure
  3167 | D:5      | Reached skill level 7 in Fighting
  3167 | D:5      | Reached XP level 8. HP: 73/73 MP: 7/7
  3440 | D:5      | Found Kaloi's General Store.
  3447 | D:5      | Bought a +1 pair of gloves of strength for 214 gold pieces
  3499 | D:5      | Noticed Ijyb
  3504 | D:5      | Killed Ijyb
  3534 | D:5      | Noticed Grinder
  3538 | D:5      | Killed Grinder
  4012 | D:6      | Found a staircase to the Ecumenical Temple.
  4132 | D:6      | Reached skill level 8 in Fighting
  4526 | D:6      | Reached XP level 9. HP: 30/82 MP: 8/8
  4590 | D:6      | Found a sand-covered staircase.
  4601 | Ossuary  | Entered an ossuary
  4811 | Ossuary  | Gained mutation: You have sharp toenails. [potion of
                  | mutation]
  4811 | Ossuary  | Gained mutation: You are robust. (+10% HP) [potion of
                  | mutation]
  4811 | Ossuary  | Gained mutation: You are somewhat resistant to further
                  | mutation. [potion of mutation]
  4888 | Temple   | Entered the Ecumenical Temple
  5001 | Temple   | Became a worshipper of Trog the Wrathful
  5188 | D:7      | Reached skill level 9 in Fighting
  5213 | D:7      | Reached skill level 5 in Dodging
  5799 | D:8      | Reached * piety under Trog
  5819 | D:8      | Noticed Joseph
  5822 | D:8      | Paralysed by Joseph for 3 turns
  5829 | D:8      | Killed Joseph
  5830 | D:8      | Reached skill level 10 in Fighting
  5830 | D:8      | Reached XP level 10. HP: 64/102 MP: 9/9
  5944 | D:8      | Found Zyishu's Jewellery Boutique.
  5953 | D:8      | Bought a ring of poison resistance for 240 gold pieces
  6028 | D:8      | Noticed Gastronok
  6041 | D:8      | Slain by Gastronok

Illustrated notes

Levels and vault maps discovered:
D:1:      roderic_crossed_star, layout_loops_cross,
          chequers_ecumenical_altar_island
D:2:      layout_loops_ring, basic_altar
D:3:      layout_basic, gammafunk_ghost_icy
D:4:      layout_basic
D:5:      cheibrodos_thug_alley, layout_loops_ring,
          mainiacjoe_overflow_alcove_1, serial_shops, nicolae_shop_stone,
          st_stairs_13, kennysheep_generic_room_9, uniq_grinder, uniq_ijyb,
          uniq_menkaure, uniq_duvessa
D:6:      layout_gridville, minmay_temple_entry_statues, enter_ossuary_3
D:7:      layout_cave_pools, serial_glass, glass_columns_a, glass_columns_c,
          glass_columns_a, glass_columns_b
D:8:      layout_rooms, serial_shops, shop, uniq_gastronok, uniq_joseph
Temple:   roderic_octagonal_lattice_temple

Skill      XL: |  1  2  3  4  5  6  7  8  9 |
---------------+----------------------------+-----
Fighting       | 4 5 6 7 8 10 | 10.1
Axes           | 3 4 5 6 7 9 |  9.7
Armour         | 4 5 6 7 |  7.6
Dodging        | 1 2 3 4 5 |  5.8
Shields        | 4 5 6 7 |  7.5

Action                   |  1- 3 |  4- 6 |  7- 9 | 10-12 || total
-------------------------+-------+-------+-------+-------++-------
Melee: War axe           |    77 |    77 |   279 |    21 ||   454
       Headbutt          |    11 |    17 |    64 |     2 ||    94
       Kick              |       |       |    32 |     5 ||    37
Invok: Berserk           |       |       |       |     1 ||     1
  Use: Scroll            |     4 |     7 |    10 |       ||    21
       Potion            |       |     1 |     5 |       ||     6
Armor: Scale mail        |    46 |    23 |       |       ||    69
       Chain mail        |       |    11 |   152 |     3 ||   166
Dodge: Dodged            |    30 |    26 |    86 |     5 ||   147
Block: Buckler           |    19 |    10 |    57 |     2 ||    88

Table legend: (Time is in decaauts)
 A = Elapsed time spent in this place.
 B = Non-inter-level travel time spent in this place.
 C = Inter-level travel time spent in this place.
 D = Time resting spent in this place.
 E = Time spent auto-exploring this place.
 F = Levels seen in this place.
 G = Mean time per level.
                   A        B        C        D        E       F      G
               +--------+--------+--------+--------+--------+-----+--------+
         Total |   6172 |   6029 |    143 |     77 |   4458 |  10 |  617.2 |
       Dungeon |   5790 |   5689 |    101 |     77 |   4271 |   8 |  723.8 |
        Temple |    134 |     93 |     41 |      0 |     85 |   1 |  134.0 |
       Ossuary |    247 |    247 |      0 |      0 |    102 |   1 |  247.0 |
               +--------+--------+--------+--------+--------+-----+--------+

Top non-repeatable levels by time:
     D:5: 1147 daAuts
     D:4: 862 daAuts
     D:3: 781 daAuts
     D:6: 773 daAuts
     D:2: 670 daAuts
     D:7: 591 daAuts
     D:1: 586 daAuts
     D:8: 378 daAuts
 Ossuary: 247 daAuts
  Temple: 134 daAuts
